 Dungeon Crawl Stone Soup version 0.30-a0-242-g7bf8e6d787 (webtiles) character file.

Game seed: 6754277248213499283

2 night the Caller (level 1, -2/9 HPs)
             Began as a Vine Stalker Summoner on Oct 11, 2022.
             Slain by a quokka (5 damage)
             ... on level 1 of the Dungeon.
             The game lasted 00:00:29 (15 turns).

night the Caller (Vine Stalker Summoner)              Turns: 15, Time: 00:00:29

Health: -2/9       AC:  2    Str: 10    XL:     1   Next: 30%
Magic:  0/4        EV: 12    Int: 15    God:
Gold:   0          SH:  0    Dex: 14    Spells: 3/4 levels left

rFire   . . .      SeeInvis .    (no weapon)
rCold   . . .      Faith    .    (no shield)
rNeg    . . .      Spirit   +    a - +0 robe
rPois   .          Reflect  .    (no helmet)
rElec   .          Harm     .    (no cloak)
rCorr   .          Rampage  .    (no gloves)
Will    .....                    (no boots)
Stlth   ++........               (no amulet)
HPRegen 0.21/turn                (no ring)
MPRegen 0.09/turn                (no ring)

@: no status effects
A: fangs 2, magic shield, antimagic bite, no potion heal 2
a: no special abilities


You were on level 1 of the Dungeon.
You visited 1 branch of the dungeon, and saw 1 of its levels.

Inventory:

Armour
 a - a +0 robe (worn)
Potions
 b - a potion of magic


   Skills:
 + Level 0.1 Polearms
 - Level 1.5 Dodging
 - Level 2.4 Stealth
 + Level 2.2 Spellcasting
 + Level 4.0 Summonings


You had 3 spell levels left.
You knew the following spells:

 Your Spells              Type           Power      Damage    Failure   Level
a - Summon Small Mammal   Summ           52%        N/A       4%          1

Your spell library contained the following spells:

 Spells                   Type           Power      Damage    Failure   Level
 Call Imp                 Summ           13%        N/A       6%          2
 Call Canine Familiar     Summ           13%        N/A       12%         3
 Summon Guardian Golem    Hex/Summ       7%         N/A       28%         3
 Summon Lightning Spire   Summ/Air       7%         N/A       67%         4


Dungeon Overview and Level Annotations

Branches:
Dungeon (1/15)

Altars:


Innate Abilities, Weirdness & Mutations

You have extremely sharp teeth.
When hurt, damage is shared between your health and your magic reserves.
Your bite disrupts and absorbs the magic of your enemies.
Potions cannot restore your health.


Message History

Confirm with . or Enter, or press ? or * to list all spells.
The ball python hisses angrily.
Unknown command.
Casting: Summon Small Mammal (safe; 4% risk of failure)
Confirm with . or Enter, or press ? or * to list all spells.
The ball python bites you. The ball python closely misses you.
Unknown command.
You closely miss the ball python. Your bite misses the ball python.
The ball python hisses angrily.
The ball python bites you. The ball python grabs you.
The ball python constricts you.
Your quokka closely misses the ball python.
Your rat bites the ball python.
You completely miss the ball python. You bite the ball python.
You kill the ball python!
The ball python barely misses your quokka.
The ball python completely misses your quokka.
Your quokka bites the ball python.
The ball python dies!
Your rat barely misses the quokka.
You barely miss the quokka. The quokka bites you.
Your rat closely misses the quokka.
You completely miss the quokka. Your bite misses the quokka.
The quokka completely misses you.
Your quokka barely misses the quokka.
Your rat bites the quokka but does no damage.
Casting: Summon Small Mammal (safe; 4% risk of failure)
Confirm with . or Enter, or press ? or * to list all spells.
You don't have enough magic to cast this spell.
You swap places.
The quokka bites you.
* * * LOW HITPOINT WARNING * * *
Your quokka bites the quokka.
The quokka bites you but does no damage.
Your rat barely misses the quokka.
Your quokka barely misses the quokka.
Your quokka barely misses the quokka.
You swap places.
The quokka closely misses you.
Your quokka completely misses the quokka.
Your rat barely misses the quokka.
The quokka attacks as you move away! The quokka bites you.
Ouch! That really hurt!
You die...

..+#.#.#.#.#.#..
..#.#.≈≈≈≈≈.#.#
#.#.#≈.<.≈#.#
#.#.≈...≈.#
#.#≈...≈#.#
#.#.~~~~~.#.#
#.#.#.#.#.#
...#.#+#r#+#.#.#
#.....@r......#
####..r#...#.##
#...#.†.#.#
#...#...#
#...##### .....
...... .......


You could see a quokka (ally target), a friendly quokka (summoned) and a
friendly rat (summoned).

Vanquished Creatures
  A ball python (D:1)
1 creature vanquished.

Vanquished Creatures (collateral kills)
  A ball python (D:1)
1 creature vanquished.

Grand Total: 2 creatures vanquished

Notes
Turn   | Place    | Note
-------+----------+-------------------------------------------
     0 | D:1      | night the Vine Stalker Summoner began the quest for the
                  | Orb.
     0 | D:1      | Reached XP level 1. HP: 9/9 MP: 4/4
    15 | D:1      | Slain by a quokka

Illustrated notes

Levels and vault maps discovered:
D:1:      ncdulo_watergridlock, layout_basic

Action                   || total
-------------------------++-------
Melee: Unarmed           ||     4
       Bite              ||     1
 Cast: Summon Small Mamm ||     2
Armor: Robe              ||     1
Dodge: Dodged            ||     3

Table legend: (Time is in decaauts)
 A = Elapsed time spent in this place.
 B = Non-inter-level travel time spent in this place.
 C = Inter-level travel time spent in this place.
 D = Time resting spent in this place.
 E = Time spent auto-exploring this place.
 F = Levels seen in this place.
 G = Mean time per level.
                   A        B        C        D        E       F      G
               +--------+--------+--------+--------+--------+-----+--------+
         Total |     15 |     15 |      0 |      0 |      2 |   1 |   15.0 |
       Dungeon |     15 |     15 |      0 |      0 |      2 |   1 |   15.0 |
               +--------+--------+--------+--------+--------+-----+--------+

Top non-repeatable levels by time:
     D:1: 15 daAuts
